 Dungeon Crawl Stone Soup version 0.26.1-11-gd32895ea62 (webtiles) character file.

Game seed: 8528209453111659683

554 Zeld the Cudgeller (level 7, -2/58 HPs)
             Began as a Grey Draconian Gladiator on June 12, 2021.
             Slain by a vampire mosquito (4 damage)
             ... summoned by a worldbinder
             ... on level 1 of the Abyss.
             The game lasted 00:04:15 (4318 turns).

Zeld the Cudgeller (Grey Draconian Gladiator)       Turns: 4318, Time: 00:04:15

Health: -2/58      AC: 15    Str: 18    XL:     7   Next: 8%
Magic:  7/7        EV: 14    Int:  9    God:
Gold:   171        SH:  0    Dex: 15    Spells: 6/6 levels left

rFire    . . .     SeeInvis .   a - +0 flail
rCold    . . .     Faith    .   (no shield)
rNeg     . . .     Spirit   .   (armour unavailable)
rPois    .         Reflect  .   b - +0 hat
rElec    .         Harm     .   (no cloak)
rCorr    .         Rampage  .   f - +0 pair of gloves {Dex+3}
Will     .....                  p - +2 pair of boots
Stlth    +.........             (no amulet)
HPRegen  0.19/turn              (no ring)
MPRegen  0.10/turn              (no ring)

@: no status effects
A: walk through water, unfitting armour, unbreathing, cold-blooded, AC +11
a: no special abilities


You were on level 1 of the Abyss.
You visited 1 branch of the dungeon, and saw 4 of its levels.
You visited the Abyss 1 time.

You collected 171 gold pieces.

Inventory:

Hand Weapons
 a - a +0 flail (weapon)
Missiles
 c - 2 throwing nets (quivered)
 e - 116 stones
 r - 20 poisoned darts
Armour
 b - a +0 hat (worn)
 f - a +0 pair of gloves of dexterity (worn)
 p - a +2 pair of boots (worn)
Jewellery
 d - an uncursed ring of positive energy {unknown}
Scrolls
 g - 5 scrolls of teleportation {unknown}
 i - a scroll of immolation {unknown}
 n - 2 scrolls of identify {unknown}
 q - a scroll of remove curse {unknown}
 s - a scroll of noise {unknown}
 t - a scroll of enchant weapon {unknown}
Potions
 h - a potion of haste {unknown}
 j - 3 potions of lignification {unknown}
 k - 3 potions of might {unknown}
 l - a potion of ambrosia {unknown}
 m - 5 potions of curing {unknown}
 o - 2 potions of heal wounds {unknown}


   Skills:
 + Level 3.9 Fighting
 * Level 5.2 Maces & Flails
 * Level 4.3 Throwing
 + Level 3.8 Dodging


You had 6 spell levels left.
You didn't know any spells.
Your spell library was empty.

Dungeon Overview and Level Annotations

Branches:
Dungeon (4/15)
 Temple: D:4-7

Altars:


Innate Abilities, Weirdness & Mutations

You can walk through water.
Your dull iron-grey scales are very hard. (AC +11)
You cannot fit into any form of body armour.
You can survive without breathing.
You are cold-blooded and may be slowed by cold attacks.


Message History

The vampire mosquito bites you!
* * * LOW HITPOINT WARNING * * *
The vampire mosquito draws strength from your injuries!
The worldbinder hits you but does no damage.
The worldbinder misses you. The vampire mosquito bites you!
* * * LOW HITPOINT WARNING * * *
The vampire mosquito draws strength from your injuries!
The vampire mosquito closely misses you.
The vampire mosquito barely misses you.
The worldbinder hits you but does no damage. x2
The vampire mosquito bites you!
* * * LOW HITPOINT WARNING * * *
The vampire mosquito draws strength from your injuries!
The bog body disappears in a puff of smoke!
The worldbinder calls forth creatures from the Swamp!
The vampire mosquito barely misses you.
The vampire mosquito disappears in a puff of smoke!
The worldbinder calls forth creatures from the Swamp!
The vampire mosquito bites you.
You die...

##.........#.#
#
.....#?....##
.#
##.......§##
#..... ..n#
#..........+
#.#.######§##
.#.....##xy.#
#... #.#y#..#
...
..#@##.#..#
#..#...#.#
.#...# ###.#..
.. #...
######## ##.


You could see a worldbinder, a bog body (summoned) and 2 vampire mosquitoes.

Vanquished Creatures
  Sigmund (D:3)
  A bullfrog (D:4)
  2 orc wizards (D:3)
  An iguana (D:3)
  2 worker ants (D:4)
  4 gnolls (D:4)
  5 adders (D:2)
  A worm (D:3)
  8 dart slugs
  A leopard gecko (D:2)
  9 orcs
  A ball python (D:1)
  5 giant cockroaches
  16 hobgoblins
  9 jackals
  2 quokkas (D:2)
  7 bats
  4 frilled lizards
  5 goblins
  6 kobolds
  7 rats
97 creatures vanquished.

Notes
Turn   | Place    | Note
-------+----------+-------------------------------------------
     0 | D:1      | Zeld the Draconian Gladiator began the quest for the Orb.
     0 | D:1      | Reached XP level 1. HP: 17/17 MP: 1/1
   206 | D:1      | Reached XP level 2. HP: 9/25 MP: 2/2
   829 | D:1      | Reached XP level 3. HP: 29/30 MP: 3/3
  2010 | D:2      | Reached XP level 4. HP: 21/37 MP: 4/4
  3000 | D:3      | Reached skill level 4 in Maces & Flails
  3123 | D:3      | Reached XP level 5. HP: 38/45 MP: 5/5
  3716 | D:3      | Noticed Sigmund
  3798 | D:3      | Killed Sigmund
  3799 | D:3      | Reached XP level 6. HP: 44/52 MP: 6/6
  4140 | D:4      | Reached skill level 5 in Maces & Flails
  4234 | D:4      | Your scales start taking on a dull iron-grey colour.
  4234 | D:4      | Reached XP level 7. HP: 58/58 MP: 7/7
  4234 | D:4      | Gained mutation: You can survive without breathing. [Grey
                  | Draconian growth]
  4272 | D:4      | Cast into level 1 of the Abyss (orc wizard)
  4296 | Abyss:1  | Noticed a worldbinder
  4299 | Abyss:1  | Noticed a vampire mosquito
  4299 | Abyss:1  | Noticed a vampire mosquito
  4308 | Abyss:1  | Noticed a bog body
  4310 | Abyss:1  | Noticed a bog body
  4310 | Abyss:1  | Noticed a vampire mosquito
  4310 | Abyss:1  | Noticed a vampire mosquito
  4315 | Abyss:1  | HP: 1/58 [vampire mosquito[a worldbinder] (9)]
  4317 | Abyss:1  | Noticed a bog body
  4318 | Abyss:1  | Noticed a vampire mosquito
  4318 | Abyss:1  | Slain by a vampire mosquito

Illustrated notes

Levels and vault maps discovered:
D:1:      dpeg_arrival_rhombus, layout_loops_ring, minmay_split_cup_small
D:2:      layout_loops_ring
D:3:      layout_loops_ring, uniq_sigmund
D:4:      minmay_chambers_of_threes, layout_basic, serial_shops, shop
Abyss:1:  base:
Temple

Skill      XL: |  1  2  3  4  5  6 |
---------------+-------------------+-----
Throwing       | 2 3 4 |  4.3
Dodging        | 3 |  3.8
Maces & Flails | 4 5 |  5.2
Fighting       | 3 |  3.9

Action                   |  1- 3 |  4- 6 |  7- 9 || total
-------------------------+-------+-------+-------++-------
Melee: Flail             |   118 |   164 |    22 ||   304
       Tailslap          |    15 |    20 |     4 ||    39
Throw: Stone             |    95 |    47 |       ||   142
       Throwing net      |       |     1 |       ||     1
 Stab: Sleeping          |     1 |     1 |       ||     2
       Distracted        |     1 |       |       ||     1
Armor: Skin              |    40 |    64 |    26 ||   130
Dodge: Dodged            |   116 |   120 |    29 ||   265
